 Dungeon Crawl Stone Soup version 0.30-a0-576-g89cddaab80 (webtiles) character file.

Game seed: 4745489076677356407

65 arthad the Digger (level 4, -2/25 HPs)
             Began as a Meteoran Earth Elementalist on Dec 31, 2022.
             Slain by a gnoll
             ... wielding a +0 flail
              (10 damage)
             ... on level 2 of the Dungeon.
             The game lasted 00:03:21 (689 turns).

arthad the Digger (Meteoran Earth Elementalist)      Turns: 689, Time: 00:03:22

Health: -2/25      AC:  2    Str: 10    XL:     4   Next: 60%
Magic:  0/9        EV: 12    Int: 18    God:
Gold:   104        SH:  0    Dex: 14    Spells: 8/9 levels left

rFire   . . .      SeeInvis .    e - +2 dagger (drain)
rCold   . . .      Faith    .    (no shield)
rNeg    . . .      Spirit   .    a - +0 robe
rPois   .          Reflect  .    (no helmet)
rElec   .          Harm     .    (no cloak)
rCorr   .          Rampage  .    (no gloves)
Will    .....                    (no boots)
Stlth   +                        (no amulet)
HPRegen 0.24/turn                (no ring)
MPRegen 0.11/turn                (no ring)

@: glowing
A: sense surroundings 1, otherworldly, glowing, explore regen
a: no special abilities


You were on level 2 of the Dungeon.
You visited 1 branch of the dungeon, and saw 2 of its levels.

You collected 104 gold pieces.

Inventory:

Hand Weapons
 e - a +2 dagger of draining (weapon)
Armour
 a - a +0 robe (worn)
 c - an orb of energy
Scrolls
 h - a scroll of blinking {unknown}
Potions
 b - 2 potions of magic
 d - a potion of degeneration {unknown}
 f - a potion of heal wounds {unknown}
 g - a potion of lignification {unknown}


   Skills:
 + Level 2.7 Dodging
 + Level 1.7 Stealth
 * Level 3.2 Spellcasting
 * Level 1.8 Conjurations
 + Level 1.6 Transmutations
 + Level 0.8 Fire Magic
 + Level 0.7 Ice Magic
 * Level 4.2 Earth Magic


You had 8 spell levels left.
You knew the following spells:

 Your Spells              Type           Power      Damage    Failure   Level
a - Sandblast             Erth           36%        2d10      2%          1

Your spell library contained the following spells:

 Spells                   Type           Power      Damage    Failure   Level
 Passwall                 Tmut/Erth      10%        N/A       8%          2
 Stone Arrow              Conj/Erth      26%        3d8       14%         3
 Scorch                   Fire           10%        2d5       17%         2
 Frozen Ramparts          Ice            10%        1d2       34%         3
 Petrify                  Tmut/Erth      13%        N/A       43%         4
 Flame Wave               Conj/Fire      7%         2d5       67%         4
 Ice Form                 Ice/Tmut       7%         N/A       69%         4
 Summon Ice Beast         Ice/Summ       4%         N/A       80%         4
 Summon Cactus Giant      Summ           1%         N/A       100%        6


Dungeon Overview and Level Annotations

Branches:
Dungeon (2/15) Zot: 691

Altars:

Shops:
D:1 (


Innate Abilities, Weirdness & Mutations

You passively map a small area around you.
You are easily found by Zot.
You glow in the dark.
You regain HP and MP as you explore.


Message History

Press: ? - help, Q - select action Shift-Dir - straight line, f/p - gnoll
Aim: a gnoll, wielding a +0 club (heavily wounded, 84% to hit)
The blast of sand hits the gnoll.
The gnoll is almost dead.
The gnoll hits you with a +0 club.
Aiming: Sandblast (safe; 3% risk of failure)
Press: ? - help, Q - select action Shift-Dir - straight line, f/p - gnoll
Aim: a gnoll, wielding a +0 club (almost dead, 84% to hit)
The blast of sand misses the gnoll.
The blast of sand hits the gnoll!
The gnoll is severely wounded.
The gnoll hits you but does no damage. The gnoll hits you with a +0 club.
* * * LOW HITPOINT WARNING * * *
Aiming: Sandblast (safe; 3% risk of failure)
Press: ? - help, Q - select action Shift-Dir - straight line, f/p - gnoll
Aim: a gnoll, wielding a +0 club (almost dead, 84% to hit)
The blast of sand hits the gnoll.
You kill the gnoll!
Aiming: Sandblast (safe; 3% risk of failure)
Press: ? - help, Q - select action Shift-Dir - straight line, f - gnoll
Aim: a gnoll, wielding a +0 whip (severely wounded, 84% to hit)
The blast of sand hits the gnoll!
You kill the gnoll!
The gnoll closely misses you.
You don't have enough magic to cast this spell.
Your magical contamination has completely faded away.
The gnoll attacks as you move away! The gnoll barely misses you.
Aiming: Sandblast (safe; 2% risk of failure)
Press: ? - help, Q - select action Shift-Dir - straight line, f - gnoll
Aim: a gnoll, wielding a +0 flail (84% to hit)
The blast of sand hits the gnoll!
The gnoll is almost dead.
The gnoll barely misses you.
Really attack while wielding nothing? [Y]es or [N]o only, please.
Really attack while wielding nothing?
Okay, then.
You sense an unholy aura.
e - a +2 dagger of draining (weapon)
The gnoll hits you with a +0 flail!
You die...

, #.*#.# *, *
#.##.# * * ,
,.....,, , * *#..#
* * #..####### **
* #...)....# ,
#..#####... , ..
#.####g.####... *
** * #.#
#...@........., ,
,
#..#.####.#####...
#.# #.# * * #.#
#.# #.#######.#
##.#.......# *
#....>.....#
#....#####.#
#.#..# #.# ,,


You could see a gnoll.

Vanquished Creatures
  3 gnolls (D:2)
  A worm (D:2)
  2 dart slugs (D:1)
  4 ball pythons
  2 bats (D:2)
  3 endoplasms (D:1)
  A giant cockroach (D:1)
  A goblin (D:1)
  5 hobgoblins (D:1)
  A quokka (D:1)
  3 kobolds (D:1)
26 creatures vanquished.

Notes
Turn   | Place    | Note
-------+----------+-------------------------------------------
     0 | D:1      | arthad the Meteoran Earth Elementalist began the quest for
                  | the Orb.
     0 | D:1      | Reached XP level 1. HP: 14/14 MP: 5/5
   178 | D:1      | Reached XP level 2. HP: 20/20 MP: 4/6
   251 | D:1      | Found Suzaixeg's Weapon Boutique.
   296 | D:1      | Reached XP level 3. HP: 26/26 MP: 2/8
   357 | D:1      | Reached skill level 4 in Earth Magic
   395 | D:1      | Reached skill level 1 in Conjurations
   488 | D:1      | Glimpsed the power of Zot.
   538 | D:1      | Glimpsed the power of Zot.
   578 | D:1      | Glimpsed the power of Zot.
   588 | D:1      | Touched by the power of Zot.
   679 | D:2      | Reached XP level 4. HP: 15/25 MP: 5/9
   689 | D:2      | Slain by a gnoll

Illustrated notes

Levels and vault maps discovered:
D:1:      dpeg_arrival_arbitrary_c, layout_basic, serial_shops,
          nicolae_shop_trees, st_stairs_10, nicolae_figureground_pulse
D:2:      layout_loops_ring, ebering_ecumenical_altar_abandoned

Skill      XL: |  1  2  3 |
---------------+----------+-----
Earth Magic    | 4 |  4.2
Spellcasting   | 3 |  3.2
Conjurations   | 1 |  1.8
Dodging        | |  2.7
Stealth        | |  1.7
Transmutations | |  1.6
Fire Magic     | |  0.8
Ice Magic      | |  0.7

Action                   |  1- 3 |  4- 6 || total
-------------------------+-------+-------++-------
 Cast: Sandblast         |    34 |     6 ||    40
Armor: Robe              |     2 |     1 ||     3
Dodge: Dodged            |     9 |     5 ||    14

Table legend: (Time is in decaauts)
 A = Elapsed time spent in this place.
 B = Non-inter-level travel time spent in this place.
 C = Inter-level travel time spent in this place.
 D = Time resting spent in this place.
 E = Time spent auto-exploring this place.
 F = Levels seen in this place.
 G = Mean time per level.
                   A        B        C        D        E       F      G
               +--------+--------+--------+--------+--------+-----+--------+
         Total |    708 |    682 |     26 |      0 |    542 |   2 |  354.0 |
       Dungeon |    708 |    682 |     26 |      0 |    542 |   2 |  354.0 |
               +--------+--------+--------+--------+--------+-----+--------+

Top non-repeatable levels by time:
     D:1: 628 daAuts
     D:2: 80 daAuts
